 Dungeon Crawl Stone Soup version 0.24-a0-201-gf205589 (webtiles) character file.

Game seed: 16666670253466979203

37 technobutter the Shield-Bearer (level 3, 30/33 HPs)
             Began as a Hill Orc Fighter on Mar 25, 2019.
             Got out of the dungeon alive.
             The game lasted 00:02:33 (845 turns).

technobutter the Shield-Bearer (Hill Orc Fighter)    Turns: 845, Time: 00:02:34

Health: 30/33      AC:  6    Str: 18    XL:     3   Next: 39%
Magic:  3/3        EV:  7    Int:  8    God:
Gold:   45         SH:  9    Dex: 11    Spells: 2/2 levels left

rFire    . . .     SeeInvis .   a - +0 war axe
rCold    . . .     Gourm    .   c - +0 shield
rNeg     . . .     Faith    .   b - +0 scale mail
rPois    .         Spirit   .   (no helmet)
rElec    .         Reflect  .   (no cloak)
rCorr    .         Harm     .   (no gloves)
MR       .....                  (no boots)
Stlth    ..........             (no amulet)
HPRegen  0.11/turn              (no ring)
MPRegen  0.08/turn              (no ring)

@: no status effects
A: no striking features
a: no special abilities


You escaped.
You were not hungry.

You visited 1 branch of the dungeon, and saw 1 of its levels.

You collected 45 gold pieces.

Inventory:

Hand Weapons
 a - a +0 war axe (weapon)
Armour
 b - a +0 scale mail (worn)
 c - a +0 shield (worn)
Scrolls
 e - 2 scrolls of identify
Potions
 d - a potion of might
 h - a potion of curing {unknown}
 i - a potion of mutation {unknown}
 j - a potion of flight {unknown}
Comestibles
 f - 2 rations


   Skills:
 + Level 3.7 Fighting
 + Level 3.7 Axes
 + Level 3.4 Armour
 + Level 0.3 Dodging
 + Level 3.9 Shields


You had 2 spell levels left.
You didn't know any spells.
Your spell library was empty.

Dungeon Overview and Level Annotations

Branches:
Dungeon (1/15)

Altars:


Message History

You hit the frilled lizard.
You kill the frilled lizard!
You see here a frilled lizard corpse.
An ooze comes into view.
You block the ooze's attack.
You slash the ooze!
The ooze is heavily wounded.
The ooze hits you.
You slash the ooze!
You kill the ooze!
You enter the shallow water.
Moving in this stuff is going to be slow.
You see here a frilled lizard corpse.
There is a large open door here.
There is a staircase leading out of the dungeon here.
You can't go down here!
Are you sure you want to leave the Dungeon?
This will make you lose the game!
Uppercase [Y]es or [N]o only, please.
Are you sure you want to leave the Dungeon?
This will make you lose the game!
You have escaped!

#..≈≈†≈...##≈........≈≈≈≈..##.
....#.#≈≈≈≈........#...≈≈≈≈#..##.
..#.#.###≈≈≈..........≈≈≈###..##.
. #....########....########...###
#.....###⌠..#....#..⌠###.......
#.###..###..##''##..###.....###
#. ##.# #'##....##'# #.....# #.#
#..# #..........# #..#..# #.#
#..# #≈≈≈.@..≈≈≈# #..#..#
#.###..####≈≈≈≈≈≈≈≈####..#..#
###.......##############...#..#
......###..### ###....#..###
......# ##...## ##.....##.....
......# ##...##++##..##.###..###
......# #..#........#........#
......# #.###########..####.##
......####.#########.....###.####


There were no monsters in sight!

Vanquished Creatures
  A gnoll (D:1)
  An ooze (D:1)
  A leopard gecko (D:1)
  A ball python (D:1)
  A giant cockroach (D:1)
  5 goblins (D:1)
  3 hobgoblins (D:1)
  3 bats (D:1)
  A frilled lizard (D:1)
  3 kobolds (D:1)
  2 rats (D:1)
22 creatures vanquished.

Notes
Turn   | Place    | Note
-------+----------+-------------------------------------------
     0 | D:1      | technobutter the Hill Orc Fighter began the quest for the
                  | Orb.
     0 | D:1      | Reached XP level 1. HP: 19/19 MP: 1/1
   164 | D:1      | Reached XP level 2. HP: 19/26 MP: 2/2
   540 | D:1      | Reached XP level 3. HP: 16/33 MP: 3/3
   845 | D:$      | Got out of the dungeon alive.

Levels and vault maps discovered:
D:1:      denvon_arrival_waterhouse, layout_basic

Skill      XL: |  1 |
---------------+----+-----
Axes           | 3 |  3.7
Fighting       | |  3.7
Armour         | |  3.4
Dodging        | |  0.3
Shields        | |  3.9

Action                   || total
-------------------------++-------
Melee: War axe           ||    66
  Use: Scroll            ||     2
Armor: Scale mail        ||    34
Dodge: Dodged            ||    18
Block: Shield            ||    47

Table legend:
 A = Non-vault XP
 B = Vault XP
 C = Vault XP percentage of total XP
 D = Non-vault monster count
 E = Vault monster count
 F = Vault count percentage of total count
                 A         B        C        D         E       F
            +---------+---------+-------+---------+---------+-------
      Total |      53 |       0 |   0.0 |      22 |       0 |   0.0
            +---------+---------+-------+---------+---------+-------
        D:1 |      53 |       0 |   0.0 |      22 |       0 |   0.0
            +---------+---------+-------+---------+---------+-------
